 Dungeon Crawl Stone Soup version 0.27.0-1-g7a089689b8 (webtiles) character file.

Game seed: 9668558213360876475

142 tovald2 the Skirmisher (level 5, 0/42 HPs)
             Began as a Demonspawn Abyssal Knight on Aug 16, 2021.
             Was a Believer of Lugonu.
             Slain by an orc wizard (2 damage)
             ... on level 3 of the Dungeon.
             The game lasted 00:10:59 (4305 turns).

tovald2 the Skirmisher (Demonspawn Abyssal Knight)  Turns: 4305, Time: 00:10:59

Health: 0/42       AC:  7    Str:  9 (12) XL:     5   Next: 3%
Magic:  7/7        EV:  8    Int: 11 (14) God:    Lugonu [**....]
Gold:   143        SH:  0    Dex: 10 (13) Spells: 4/4 levels left

rFire    . . .     SeeInvis .   k - +0 rapier
rCold    . . .     Faith    .   (no shield)
rNeg     . . .     Spirit   .   d - +0 scale mail
rPois    .         Reflect  .   c - +0 helmet
rElec    .         Harm     .   (no cloak)
rCorr    +         Rampage  .   (no gloves)
Will     .....                  (no boots)
Stlth    ..........             (no amulet)
HPRegen  0.14/turn              l - ring of resist corrosion
MPRegen  0.10/turn              o - ring of wizardry

@: no status effects
A: demonic guardian 1
a: Renounce Religion, Depart the Abyss, Bend Space


You were on level 3 of the Dungeon.
You worshipped Lugonu.
Lugonu was pleased with you.
You visited 1 branch of the dungeon, and saw 4 of its levels.
You visited the Abyss 1 time.

You collected 143 gold pieces.

Inventory:

Hand Weapons
 a - a +1 falchion
 k - a +0 rapier (weapon)
Armour
 b - a +0 leather armour
 c - a +0 helmet (worn)
 d - a +0 scale mail (worn)
Jewellery
 l - a ring of resist corrosion (left hand)
 o - a ring of wizardry (right hand)


   Skills:
 + Level 3.8 Fighting
 * Level 2.0(2.3) Short Blades
 - Level 1.7(2.2) Long Blades
 + Level 2.6 Armour
 * Level 1.8 Dodging
 * Level 0.9 Stealth
 + Level 2.8 Invocations


You had 4 spell levels left.
You didn't know any spells.
Your spell library was empty.

Dungeon Overview and Level Annotations

Branches:
Dungeon (4/15)
 Temple: D:4-7

Altars:
Beogh

Annotations:
D:4 Thraspic's ghost, weakling FeDe


Innate Abilities, Weirdness & Mutations

A weak demonic guardian rushes to your aid.


Message History

You hear some strange, mumbled words.
Something tries to affect you, but you resist.
You miss something. Something hits you but does no damage.
You closely miss something. Something hits you but does no damage.
You closely miss something. Something completely misses you.
You closely miss something. Something hits you.
You closely miss something. Something hits you.
You closely miss something. Something hits you but does no damage.
You hit something. You barely miss the orc.
Something hits you but does no damage. The orc hits you with a +0 short sword.
You barely miss the orc. Something hits you but does no damage.
The orc misses you.
You barely miss the orc.
You hear some strange, mumbled words.
A puff of flame appears from out of thin air!
The puff of flame hits you. The orc hits you but does no damage.
The orc yells repeatedly.
You hear some strange, mumbled words.
A puff of flame appears from out of thin air!
The puff of flame hits you.
* * * LOW HITPOINT WARNING * * *
You hear some strange, mumbled words.
A magic dart appears from out of thin air!
The magic dart hits you!
* * * LOW HITPOINT WARNING * * *
A demonic guardian appears!
There is a stone staircase leading up, spattered with blood here.
You can't go down here!
The orc completely misses you.
Your quasit bites the orc.
Your quasit claws the orc. x2; Something hits you.
* * * LOW HITPOINT WARNING * * *
You climb upwards.
Your summoned ally is left behind.
Reactivating autopickup.
There is a stone staircase leading down here.
You puncture the orc!
You kill the orc!
Lugonu accepts your kill. Something hits you.
You die...

#######.............##.##########
#......##.###....# #..
####.........#...##### #.<
#...........#.....####..
#.........#######...##..
#.........# ###..... #.........#
####.. #......)..# #..
#.....{@..# #.. ########### ###


There were no monsters in sight!

Vanquished Creatures
  A howler monkey (D:2)
  2 adders
  A worm (D:2)
  A dart slug (D:2)
  4 orcs
  5 ball pythons
  10 endoplasms
  3 giant cockroaches
  3 goblins
  7 hobgoblins
  7 jackals
  7 kobolds
  4 bats
  A frilled lizard (D:1)
  5 rats
61 creatures vanquished.

Vanquished Creatures (collateral kills)
  An adder (D:3)
1 creature vanquished.

Grand Total: 62 creatures vanquished

Notes
Turn   | Place    | Note
-------+----------+-------------------------------------------
     0 | Abyss:1  | tovald2 the Demonspawn Abyssal Knight began the quest for
                  | the Orb.
     0 | Abyss:1  | Reached XP level 1. HP: 18/18 MP: 2/2
    32 | Abyss:1  | Noticed a large abomination
    33 | D:1      | Escaped the Abyss
   184 | D:1      | Reached skill level 1 in Dodging
   211 | D:1      | Reached * piety under Lugonu
   212 | D:1      | Gained mutation: A weak demonic guardian rushes to your
                  | aid. [demonic ancestry]
   212 | D:1      | Reached XP level 2. HP: 14/24 MP: 3/3
  1098 | D:1      | Found a faded altar of an unknown god.
  1500 | D:2      | Reached XP level 3. HP: 29/29 MP: 4/4
  2853 | D:2      | Reached skill level 1 in Short Blades
  2853 | D:2      | Reached XP level 4. HP: 14/37 MP: 6/6
  3362 | D:3      | Reached ** piety under Lugonu
  4219 | D:4      | Reached XP level 5. HP: 39/42 MP: 7/7
  4227 | D:4      | Found a runed translucent gate.
  4227 | D:4      | Found a runed translucent gate.
  4227 | D:4      | Found a runed translucent gate.
  4230 | D:4      | Noticed Thraspic's ghost (weakling FeDe)
  4232 | D:4      | Identified the +6 short sword of Spite {vorpal, rCorr}
  4232 | D:4      | Identified the +7 ring mail of Mental Paralysis {Regen+}
  4303 | D:4      | HP: 2/42 [something (1)]
  4305 | D:3      | Slain by an orc wizard

Illustrated notes

Levels and vault maps discovered:
D:1:      tarquinn_simple_flora_water_a, layout_basic,
          ebering_ecumenical_altar_hall
D:2:      layout_loops_cross, minmay_tetromino_s2
D:3:      layout_rooms
D:4:      layout_rooms, biasface_ghost_orc_armoury

Skill      XL: |  1  2  3  4 |
---------------+-------------+-----
Dodging        | 1 |  1.8
Armour         | 2 |  2.6
Short Blades   | 1 2 |  2.0
Fighting       | |  3.8
Long Blades    | |  1.7
Stealth        | |  0.9
Invocations    | |  2.8

Action                   |  1- 3 |  4- 6 || total
-------------------------+-------+-------++-------
Melee: Falchion          |    73 |       ||    73
       Rapier            |    57 |   100 ||   157
Invok: Depart the Abyss  |     1 |       ||     1
  Use: Potion            |     3 |     6 ||     9
       Scroll            |       |     5 ||     5
Armor: Leather armour    |    26 |    21 ||    47
       Scale mail        |       |    22 ||    22
Dodge: Dodged            |    69 |    55 ||   124
       Rpst.: Falchion   |    19 |       ||    19
